 Dungeon Crawl Stone Soup version 0.20-a0-705-gbe8799e (webtiles) character file.

10201 Angani the Fighter (level 11, -2/95 HPs)
             Began as a Merfolk Skald on Feb 20, 2017.
             Was a Believer of Ieoh Jian.
             Killed from afar by Laan's ghost (48 damage)
             ... with a bolt of negative energy
             ... on level 9 of the Dungeon on Feb 21, 2017.
             The game lasted 00:33:48 (12812 turns).

Angani the Fighter (Merfolk Skald)                 Turns: 12812, Time: 00:33:48

Health: -2/95      AC:  8    Str: 13    XL:     11   Next: 58%
Magic:  15/15      EV: 17    Int: 12    God:    Ieoh Jian [**....]
Gold:   471        SH:  0    Dex: 16    Spells: 4/15 levels left

rFire    + . .     SeeInvis .   l - +1 trident (venom) (curse)
rCold    + . .     Gourm    .   J - +1 leather armour {rF+}
rNeg     . . .     Faith    .   (no shield)
rPois    .         Spirit   .   (no helmet)
rElec    .         Reflect  .   z - +0 cloak
rCorr    .         Harm     .   m - +2 pair of gloves
MR       +....                  (no boots)
Stlth    ++........             (no amulet)
Regen    0.3/turn               v - ring of protection from magic
MPRegen  0.2/turn               e - ring of protection from cold

@: heavily drained
A: change form in water, swift swim, stealthy swim
a: Renounce Religion


You were on level 9 of the Dungeon.
You worshipped Ieoh Jian.
Ieoh Jian was pleased with you.
You were not hungry.

You visited 2 branches of the dungeon, and saw 11 of its levels.
You also visited: Sewer.

You collected 471 gold pieces.

Inventory:

Hand Weapons
 a - a +1 spear
 l - a cursed +1 trident of venom (weapon)
 s - a +1 antimagic spear
 B - the +7 hand axe of Discretion {drain, Int+5, unknown}
   (You found it on level 6 of the Dungeon)

   A truly terrible weapon, it drains the life of those it strikes.
   It affects your intelligence (+5).
Armour
 m - a +2 pair of gloves (worn)
 z - a +0 cloak (worn)
 J - a +1 leather armour of fire resistance (worn)
Jewellery
 e - a ring of protection from cold (left hand)
 t - an uncursed ring of ice
 v - a ring of protection from magic (right hand)
 w - a cursed ring of teleportation {unknown}
Wands
 G - a wand of acid (5/15)
 K - a wand of lightning (10/15)
Scrolls
 b - 4 scrolls of teleportation
 g - 4 scrolls of random uselessness
 k - 3 scrolls of fear
 o - 3 scrolls of fog
 q - 2 scrolls of recharging
 u - 3 scrolls of enchant weapon
 x - 2 scrolls of amnesia
 C - 5 scrolls of identify
 H - 3 scrolls of blinking
 L - a scroll of remove curse
Potions
 f - 3 potions of haste
 j - 4 potions of curing
 p - 3 potions of flight
 r - a potion of might
 A - a potion of brilliance {unknown}
 F - a potion of cancellation {unknown}
 M - a potion of mutation {unknown}
Books
 c - a book of Maledictions

   Spells                             Type                      Level
   a - Corona                         Hexes                        1
   b - Ensorcelled Hibernation        Hexes/Ice                    2
   c - Confuse                        Hexes                        3
   d - Tukima's Dance                 Hexes                        3
   e - Dazzling Spray                 Conjuration/Hexes            3
 D - a book of Callings

   Spells                             Type                      Level
   a - Summon Small Mammal            Summoning                    1
   b - Call Imp                       Summoning                    2
   c - Call Canine Familiar           Summoning                    3
   d - Summon Guardian Golem          Hexes/Summoning              3
   e - Summon Lightning Spire         Summoning/Air                4
   f - Summon Ice Beast               Ice/Summoning                4
Comestibles
 d - 5 bread rations
 i - 9 royal jellies
 n - 5 meat rations
 E - 12 fruits


   Skills:
 - Level 12.0(10.3) Fighting
 - Level 10.1(8.5) Polearms
 - Level 0.6(0.0) Armour
 - Level 10.1(8.5) Dodging
 - Level 5.2(3.8) Stealth
 + Level 2.6(1.3) Spellcasting
 - Level 10.0(8.4) Charms


You had 4 spell levels left.
You knew the following spells:

 Your Spells              Type           Power        Failure   Level  Hunger
a - Infusion              Chrm           ###.         1%          1    ##.....
b - Song of Slaying       Chrm           ###.....     1%          2    ###....
c - Shroud of Golubria    Chrm/Tloc      ##........   12%         2    ###....
d - Spectral Weapon       Hex/Chrm       ##......     21%         3    ####...
e - Regeneration          Chrm/Necr      ##........   21%         3    ####...


Dungeon Overview and Level Annotations

Branches:
Dungeon (10/15)            Temple (1/1) D:7            Lair (0/6) D:9
    Orc: D:9-12

Altars:
Dithmenos
Fedhas Ieoh Jian
Makhleb
Nemelex Xobeh
Okawaru
Trog
Xom
Yredelemnul
Zin

Shops:
D:5 (   D:6 :   D:7 !*   D:10 *

Annotations:
D:9 Laan's ghost, novice DrBe
D:10 Gastronok


Message History

The wyvern looks as sick as possible!
The wyvern is severely wounded.
The wyvern closely misses you. The wyvern completely misses you.
You spin and attack the wyvern.
You hit the wyvern.
You kill the wyvern!
The council accepts your kill.
You spin and attack Laan's ghost.
You puncture Laan's ghost!
Laan's ghost is lightly damaged.
Laan's ghost hits you!!
You attack Laan's ghost from above.
You barely miss Laan's ghost.
Laan's ghost is lightly damaged.
Laan's ghost breathes negative energy at you.
The bolt of negative energy hits you!
You feel drained.
You hit Laan's ghost but do no damage.
Laan's ghost is lightly damaged.
All of the chunks of flesh in your inventory have rotted away.
Laan's ghost breathes negative energy at you.
The bolt of negative energy hits you!
You feel drained.
Ouch! That really hurt!
You die...

#.# #.# #........#
##.#######.##########........####
.................................
##.######.######.................
#.# #.# #................. #.#
#.# #................. #.# #.#
#.................
##.######.######.................
..............W.@................
#####........#########.#########.
# #........# #.# #. # #........#
#.# #. # #........# #.# #. #
#........# #[# #.
#####......(.#########.#########.
.................................
#########...........#####.######.


You could see Laan's ghost.

Vanquished Creatures
  A hydra (D:10)
  Harold (D:10)
  3 deep elf magi (D:10)
  Maurice (D:8)
  A gargoyle (D:10)
  A troll (D:9)
  A hippogriff (D:10)
  2 dream sheep (D:10)
  6 yaks
  A wraith (D:10)
  2 wyverns
  2 hell hounds (D:9)
  Duvessa (D:5)
  An ice beast (D:7)
  A sky beast (D:7)
  3 phantoms
  3 black bears
  A necrophage (D:7)
  2 orc warriors
  5 ogres
  5 centaurs
  3 big kobolds (D:10)
  8 bullfrogs
  Dowan (D:5)
  5 scorpions
  5 wights (D:6)
  3 howler monkeys (D:10)
  3 crimson imps
  A quasit (D:8)
  2 bullfrog zombies
  7 orc priests
  2 bullfrog skeletons
  4 hounds
  A jelly (D:10)
  An iguana (D:9)
  Natasha (twice) (D:4 D:5)
  6 orc wizards
  10 worker ants
  A hound skeleton (D:9)
  16 adders
  4 gnolls (D:4)
  7 river rats
  2 shadow imps
  4 oozes
  An adder skeleton (D:5)
  3 worms (D:3)
  2 dart slugs (D:1)
  2 leopard geckos
  35 orcs
  10 giant cockroaches
  12 goblins
  5 hobgoblins
  17 jackals
  A quokka (D:7)
  10 ball pythons
  9 bats
  7 frilled lizards
  3 kobolds (D:2)
  2 quokka skeletons
  29 rats
290 creatures vanquished.

Notes
Turn   | Place    | Note
-------+----------+-------------------------------------------
     0 | D:1      | Angani the Merfolk Skald began the quest for the Orb.
     0 | D:1      | Reached XP level 1. HP: 16/16 MP: 3/3
   118 | D:1      | Reached XP level 2. HP: 21/22 MP: 5/5
   579 | D:1      | Reached XP level 3. HP: 27/27 MP: 6/6
   580 | D:1      | Reached skill level 5 in Polearms
  1034 | D:2      | Found a faded altar of an unknown god.
  1120 | D:2      | Reached XP level 4. HP: 29/33 MP: 7/7
  1232 | D:2      | Found a blossoming altar of Fedhas.
  1355 | D:2      | Found a shadowy altar of Dithmenos.
  1744 | D:3      | Learned a level 2 spell: Song of Slaying
  1747 | D:3      | Learned a level 2 spell: Shroud of Golubria
  2143 | D:3      | Reached XP level 5. HP: 21/38 MP: 8/8
  2207 | D:3      | Found a glowing drain.
  2211 | Sewer    | Entered a sewer
  2731 | Sewer    | Learned a level 3 spell: Spectral Weapon
  3205 | Sewer    | Reached XP level 6. HP: 42/44 MP: 9/9
  3479 | Sewer    | Reached skill level 10 in Polearms
  4046 | D:4      | Reached XP level 7. HP: 50/50 MP: 10/10
  4113 | D:4      | Reached skill level 5 in Dodging
  4954 | D:4      | Noticed Natasha
  4970 | D:4      | Killed Natasha
  5050 | D:4      | Reached XP level 8. HP: 18/56 MP: 11/11
  5582 | D:4      | Found a burning altar of Makhleb.
  5582 | D:4      | Found a bloodstained altar of Trog.
  5587 | D:4      | Found a glowing silver altar of Zin.
  5783 | D:5      | Entered Level 5 of the Dungeon
  5855 | D:5      | Noticed Duvessa
  6476 | D:5      | Killed Duvessa
  6476 | D:5      | Reached skill level 10 in Dodging
  6504 | D:5      | Learned a level 3 spell: Regeneration
  6567 | D:5      | Found Eddugaq's Weapon Shoppe.
  6648 | D:5      | Reached skill level 1 in Stealth
  6729 | D:5      | Noticed Dowan
  6741 | D:5      | Killed Dowan
  6961 | D:6      | Noticed Natasha
  6978 | D:5      | Killed Natasha
  7010 | D:6      | Got a polished hand axe
  7209 | D:6      | Reached XP level 9. HP: 55/61 MP: 12/12
  7216 | D:6      | Reached skill level 5 in Stealth
  7309 | D:6      | Reached skill level 3 in Fighting
  7439 | D:6      | Reached skill level 4 in Fighting
  7675 | D:6      | Found Vyuh's Book Emporium.
  7690 | D:6      | Found a basalt altar of Yredelemnul.
  7850 | D:6      | Reached skill level 5 in Fighting
  8138 | D:7      | Reached skill level 6 in Fighting
  8162 | D:7      | Found Vauqiog's Assorted Antiques.
  8218 | D:7      | Found Cilurud's Assorted Antiques.
  8254 | D:7      | Reached skill level 7 in Fighting
  8385 | D:7      | Found a staircase to the Ecumenical Temple.
  8392 | Temple   | Entered the Ecumenical Temple
  8413 | Temple   | Became a worshipper of the Ieoh Jian Council
  8600 | D:7      | Found Seesm's Distillery.
  8718 | D:7      | Reached skill level 8 in Fighting
  9035 | D:7      | Reached skill level 9 in Fighting
  9171 | D:8      | Reached XP level 10. HP: 82/83 MP: 13/13
  9278 | D:8      | Reached * piety under Ieoh Jian
  9414 | D:8      | Noticed Maurice
  9431 | D:8      | Killed Maurice
  9431 | D:8      | Reached skill level 10 in Fighting
  9940 | D:9      | Noticed Laan's ghost (novice DrBe)
 10021 | D:9      | Reached skill level 11 in Fighting
 10212 | D:9      | Found a staircase to the Lair.
 10416 | D:9      | Reached ** piety under Ieoh Jian
 10772 | D:10     | Entered Level 10 of the Dungeon
 10788 | D:10     | Noticed Harold
 10916 | D:9      | Reached skill level 12 in Fighting
 11072 | D:10     | Found Axoqase's Assorted Antiques.
 11072 | D:10     | Noticed a gargoyle
 11115 | D:10     | Killed Harold
 11115 | D:10     | Reached skill level 5 in Charms
 11136 | D:10     | Killed a gargoyle
 11136 | D:10     | Reached XP level 11. HP: 34/95 MP: 14/14
 11731 | D:10     | Noticed a two-headed hydra
 11762 | D:10     | Killed a two-headed hydra
 12040 | D:10     | Noticed a deep elf mage
 12054 | D:10     | Killed a deep elf mage
 12274 | D:10     | Noticed a deep elf mage
 12289 | D:10     | Killed a deep elf mage
 12515 | D:10     | Noticed a deep elf mage
 12523 | D:10     | Killed a deep elf mage
 12573 | D:10     | Reached skill level 10 in Charms
 12626 | D:10     | Noticed Gastronok
 12646 | D:10     | Noticed a six-headed hydra
 12651 | D:10     | Noticed a skeletal warrior
 12812 | D:9      | Killed from afar by Laan's ghost

Vault maps used:
D:1:      minmay_arrival_diagonal_passages
D:2:      nicolae_overflow_crystal_walls, nicolae_overflow_hidden_temple,
          first_bread, chequers_ecumenical_altar_island
D:3:      gup_sewer_entry_spiral, minmay_misc_feat_pillars
D:4:      grunt_temple_overflow_open, uniq_natasha
D:5:      serial_shops, nicolae_shop_crystal, uniq_duvessa
D:6:      lemuel_crystal_altar, serial_shops, shop_fountains
D:7:      temple_fountains, serial_shops, nicolae_shop_trees, shop,
          kennysheep_little_box, hangedman_abyss_or_decor_stagger
D:8:      uniq_maurice
D:9:      minmay_lair_entry_lava
D:10:     serial_shops, nicolae_shop_overgrown_old_shop, hangedman_ranch,
          minmay_the_grid_3x2, uniq_harold, uniq_gastronok
Temple:   regret_index_temple_sphere_string
Sewer:    sewer_minmay_w

Skill      XL: |  1  2  3  4  5  6  7  8  9 10 11 |
---------------+----------------------------------+-----
Polearms       | 4 6 7 8 10 | 10.1
Dodging        | 3 7 10 | 10.1
Stealth        | 4 5 |  5.2
Fighting       | 9 12 | 12.0
Charms         | 6 10 | 10.0
Armour         | |  0.6
Spellcasting   | |  2.6

Action                   |  1- 3 |  4- 6 |  7- 9 | 10-12 || total
-------------------------+-------+-------+-------+-------++-------
Melee: Spear             |   148 |   361 |   533 |       ||  1042
       Tailslap          |     2 |    27 |       |     1 ||    30
       Trident           |       |       |   181 |   387 ||   568
  Use: Scroll            |       |    12 |     2 |       ||    14
       Potion            |       |     3 |     6 |     1 ||    10
 Stab: Sleeping          |       |     1 |     5 |     4 ||    10
       Distracted        |       |       |     1 |     1 ||     2
  Eat: Chunk             |     1 |     9 |    12 |     9 ||    31
       Meat ration       |       |       |     1 |       ||     1
       Fruit             |       |       |       |     3 ||     3
Armor: Leather armour    |     7 |       |       |    20 ||    27
       Ring mail         |    28 |    82 |   111 |    61 ||   282
Dodge: Dodged            |    52 |   190 |   278 |   254 ||   774
